Description

This is a game from Stats against Special.

This build order in really easy to execute. He is designed safe and macro oriented. There is many scout timing and you can adapt to your opponent all game long.

The goal is to do a Colossus/Blink opening into zealot / Archon /distruptor.

This build can be done in all league. It's design to be really strong in defense and works against every kind of Terran build order (cheese, all-in macro).

Every details are in the video.

VOD

https://youtu.be/FHwMpcgx5Hs

Replay - Stats vs SpeCial_1_Ever Dream

Build Order

Get SALT Encoding   

  12  0:00  Probe  
  13  0:12  Probe  
  14  0:17  Pylon  
  14  0:24  Probe  
  15  0:32  Probe  
  15  0:37  Gateway  
  15  0:40  Probe  
  16  0:46  Assimilator  
  17  0:51  Probe  
  18  1:03  Probe  
  19  1:15  Probe  
  20  1:24  Cybernetics Core  
  20  1:32  Nexus  
  20  1:34  Probe  
  21  1:41  Pylon  
  21  1:46  Assimilator  
  21  1:49  Probe  
  21  1:52  Adept  
  24  2:02  Warp Gate  
  24  2:11  Shield Battery  
  24  2:12  Stalker  
  28  2:34  Twilight Council  
  32  2:58  Blink  
  33  3:07  Gateway  
  33  3:09  Robotics Facility  
  36  3:30  Pylon  
  39  3:47  Gateway  
  40  3:50  Stalker  
  40  3:52  Observer  
  40  3:55  Assimilator  
  44  3:58  Pylon  
  45  4:03  Stalker  
  47  4:20  Stalker  
  50  4:26  Stalker  
  54  4:36  Assimilator  
  54  4:39  Pylon  
  54  4:41  Robotics Bay  
  56  4:47  Stalker x2  
  58  5:24  Stalker x3  
  66  5:31  Observer  
  66  5:38  Nexus  
  66  5:39  Observer  
  66  5:48  Colossus  
  74  6:01  Observer x2  
  72  6:07  Forge x2  
  72  6:08  Extended Thermal Lance  
  74  6:12  Observer  
  74  6:17  Charge  
  74  6:31  Colossus  
  74  6:41  Protoss Ground Armor Level 1, Protoss Ground Weapons Level 1  
  80  7:10  Colossus  
  80  7:11  Gateway x3  
  81  7:16  Sentry x3  
  89  7:26  Gateway x2  
  94  7:31  Shield Battery  
  94  7:41  Assimilator x2  
  94  7:42  Templar Archives  
  97  7:50  Shield Battery  
  97  7:55  Warp Prism  
  97  7:57  Gravitic Drive  
  104  8:13  Observer  
  104  8:23  Robotics Facility  
  104  8:29  Observer  
  104  8:30  Zealot x4  
  113  8:38  Zealot x4  
  121  8:43  Protoss Ground Weapons Level 2, Protoss Ground Armor Level 2  
  124  8:51  Observer  
  125  9:03  High Templar x2  
  125  9:05  Nexus  
  125  9:09  Dark Shrine  
  129  9:10  Archon  
  129  9:11  Gateway x2  
  132  9:18  Disruptor x2  
  141  9:40  High Templar x2  
  148  9:48  Warp Prism, Archon  
  148  9:49  Zealot x2  
  156  9:53  Disruptor  
Spawning Tool Build Advisor. Get it on Overwolf

Go to:

Details

  • Created by: zuka      
  • Published on: Jul 11, 2020
  • Patch: 4.11.0
  • Difficulty: Easy
Show
View Real Time Build Order
Export as new Build Order

Comments (0)

There are no comments. Be the first!

Create an account to comment!